| TOP OF THE 1ST |
|
Baltimore Orioles batting - Pitching for Boston Red Sox : RHP Frank Picaso
|
|
Pitching: RHP Frank Picaso
|
|
|
Batting: SHB Robbie Rogers
|
0-0: SINGLE (Groundball, 4MS, EV 71.9 MPH) (infield hit)
|
|
Batting: RHB Nick Rigden
|
0-0: Fly out, F9 (Line Drive, 9S, EV 86.9 MPH)
|
|
Batting: RHB Rudo Garciaparra
|
0-0: Ball 1-0: Ball 2-0: DOUBLE (Line Drive, 9LS, EV 90.6 MPH) Robbie Rogers to third
|
|
Batting: SHB Jason Hayes
|
0-0: Ball 1-0: Ball 2-0: Ball 3-0: Called Strike 3-1: Called Strike 3-2: Base on Balls
|
|
Batting: RHB Vince Jackson
|
0-0: Ball 1-0: Foul Ball, location: 2F 1-1: Swinging Strike 1-2: SINGLE (Line Drive, 7S, EV 107.5 MPH) Robbie Rogers scores Rudo Garciaparra to third Jason Hayes to second
|
|
Batting: LHB Brent Albertson
|
0-0: Ball 1-0: Grounds into double play, 3-6-3 (Groundball, 3, EV 110.6 MPH)
|
| Top of the 1st over - 1 run, 3 hits, 0 errors, 2 left on base; Baltimore 1 - Boston 0 |
| BOTTOM OF THE 1ST |
|
Boston Red Sox batting - Pitching for Baltimore Orioles : RHP Pete Rance
|
|
Pitching: RHP Pete Rance
|
|
|
Batting: RHB Ray Llewellyn
|
0-0: Ball 1-0: Foul Ball, location: 2F 1-1: Foul Ball, location: 2F 1-2: Strikes out looking
|
|
Batting: RHB Nick Esteves
|
0-0: Ball 1-0: Called Strike 1-1: Ball 2-1: Ball 3-1: SINGLE (Line Drive, 8LS, EV 113.1 MPH)
|
|
Batting: LHB Sakae Kasahara
|
0-0: Called Strike 0-1: Ball 1-1: Ball 2-1: Called Strike Nick Esteves is caught stealing 2nd base 2-6 2-2: Ball 3-2: SOLO HOME RUN (Flyball, 7D, EV 109.4 MPH), Distance : 415 ft
|
|
Batting: LHB Jarrett Mordecai
|
0-0: Fly out, F8 (Flyball, 8LM, EV 72.5 MPH)
|
| Bottom of the 1st over - 1 run, 2 hits, 0 errors, 0 left on base; Baltimore 1 - Boston 1 |
| TOP OF THE 2ND |
|
Baltimore Orioles batting - Pitching for Boston Red Sox : RHP Frank Picaso
|
|
Batting: RHB Raul Mendoza
|
0-0: Called Strike 0-1: Ball 1-1: Called Strike 1-2: Strikes out looking
|
|
Batting: RHB Luke Vaccarino
|
0-0: SINGLE (Groundball, 34D, EV 98.1 MPH)
|
|
Batting: RHB Travis Leonard
|
0-0: Ball 1-0: Called Strike 1-1: SINGLE (Line Drive, 78S, EV 110.6 MPH) Luke Vaccarino to second
|
|
Batting: SHB Robbie Rogers
|
0-0: Swinging Strike 0-1: Ground out 6-3 (Groundball, P, EV 86.9 MPH) Luke Vaccarino to third Travis Leonard to second
|
|
Batting: RHB Nick Rigden
|
0-0: Swinging Strike 0-1: Ball 1-1: Foul Ball, location: 2F 1-2: Ball 2-2: Ground out 6-3 (Groundball, 6, EV 88.1 MPH)
|
| Top of the 2nd over - 0 runs, 2 hits, 0 errors, 2 left on base; Baltimore 1 - Boston 1 |
| BOTTOM OF THE 2ND |
|
Boston Red Sox batting - Pitching for Baltimore Orioles : RHP Pete Rance
|
|
Batting: RHB Jose Diaz
|
0-0: Called Strike 0-1: Foul Ball, location: 2F 0-2: Foul Ball, location: 2F 0-2: Ball 1-2: Foul Ball, location: 2F 1-2: Ball 2-2: Strikes out swinging
|
|
Batting: SHB Greg Shaw
|
0-0: Foul Ball, location: 2F 0-1: Foul Ball, location: 2F 0-2: Foul Ball, location: 2F 0-2: Ball 1-2: Ball 2-2: DOUBLE (Line Drive, 78D, EV 104.4 MPH)
|
|
Batting: RHB John Chiesa
|
0-0: Ball Greg Shaw is caught stealing 3rd base 2-5 1-0: Ball 2-0: Fly out, F9 (Flyball, 9, EV 87.5 MPH)
|
| Bottom of the 2nd over - 0 runs, 1 hit, 0 errors, 0 left on base; Baltimore 1 - Boston 1 |
| TOP OF THE 3RD |
|
Baltimore Orioles batting - Pitching for Boston Red Sox : RHP Frank Picaso
|
|
Batting: RHB Rudo Garciaparra
|
0-0: Ball 1-0: Foul Ball, location: 2F 1-1: SINGLE (Groundball, 56S, EV 70.6 MPH) (infield hit)
|
|
Batting: SHB Jason Hayes
|
0-0: Ball 1-0: Foul Ball, location: 2F 1-1: Called Strike Rudo Garciaparra steals 2nd base 1-2: Foul Ball, location: 2F 1-2: Foul Ball, location: 2F 1-2: Foul Ball, location: 2F 1-2: Strikes out looking
|
|
Batting: RHB Vince Jackson
|
0-0: SINGLE (Groundball, 25, EV 68.1 MPH) (infield hit) Rudo Garciaparra to third
|
|
Batting: LHB Brent Albertson
|
0-0: DOUBLE (Line Drive, 8LXD, EV 103.1 MPH) Rudo Garciaparra scores Vince Jackson to third
|
|
Batting: RHB Raul Mendoza
|
0-0: Ball 1-0: Called Strike 1-1: Ball 2-1: Ball 3-1: Foul Ball, location: 2F 3-2: Base on Balls
|
|
Batting: RHB Luke Vaccarino
|
0-0: Foul Ball, location: 2F 0-1: Ball 1-1: Foul Ball, location: 2F 1-2: Ball Wild Pitch! Vince Jackson scores Brent Albertson to third Raul Mendoza to second 2-2: Fly out, F9 (Flyball, 9LMF, EV 87.5 MPH) Runner from 3rd tags up, SCORES, throw by RF Raul Mendoza to third
|
|
Batting: RHB Travis Leonard
|
0-0: Ball 1-0: Ball 2-0: Foul Ball, location: 2F 2-1: Foul Ball, location: 2F 2-2: Strikes out looking
|
| Top of the 3rd over - 3 runs, 3 hits, 0 errors, 1 left on base; Baltimore 4 - Boston 1 |
| BOTTOM OF THE 3RD |
|
Boston Red Sox batting - Pitching for Baltimore Orioles : RHP Pete Rance
|
|
Batting: SHB Willie Koviak
|
0-0: Ground out 3-1 (Groundball, 34, EV 85.0 MPH)
|
|
Batting: LHB Tim Fuller
|
0-0: Swinging Strike 0-1: Foul Ball, location: 2F 0-2: Foul Ball, location: 2F 0-2: Ball 1-2: Ground out 4-3 (Groundball, 4, EV 101.2 MPH)
|
|
Batting: RHB Ray Llewellyn
|
0-0: Ball 1-0: Ball 2-0: Fly out, F8 (Flyball, 8LXD, EV 94.4 MPH)
|
| Bottom of the 3rd over - 0 runs, 0 hits, 0 errors, 0 left on base; Baltimore 4 - Boston 1 |
| TOP OF THE 4TH |
|
Baltimore Orioles batting - Pitching for Boston Red Sox : RHP Frank Picaso
|
|
Batting: SHB Robbie Rogers
|
0-0: Ground out 1-3 (Groundball, 34S, EV 61.2 MPH)
|
|
Batting: RHB Nick Rigden
|
0-0: Ball 1-0: SINGLE (Groundball, 5S, EV 73.8 MPH) (infield hit)
|
|
Batting: RHB Rudo Garciaparra
|
0-0: Fly out, F8 (Flyball, 8LM, EV 78.8 MPH)
|
|
Batting: SHB Jason Hayes
|
0-0: Ball 1-0: SINGLE (Groundball, 5S, EV 66.2 MPH) (infield hit) Nick Rigden to second
|
|
Batting: RHB Vince Jackson
|
0-0: SINGLE (Flyball, 6D, EV 82.5 MPH) Nick Rigden to third Jason Hayes to second
|
|
Batting: LHB Brent Albertson
|
0-0: Ball 1-0: Ball 2-0: Called Strike 2-1: Called Strike 2-2: Foul Ball, location: 2F 2-2: Ball 3-2: DOUBLE (Line Drive, 7LM, EV 101.9 MPH) Nick Rigden scores Jason Hayes scores Vince Jackson to third Vince Jackson scores
|
|
Pitching: RHP J.J. Dean
|
|
|
Batting: RHB Raul Mendoza
|
0-0: Ball 1-0: Foul Ball, location: 2F 1-1: Ball 2-1: Called Strike 2-2: Foul Ball, location: 2F 2-2: Strikes out swinging
|
| Top of the 4th over - 3 runs, 4 hits, 0 errors, 1 left on base; Baltimore 7 - Boston 1 |
| BOTTOM OF THE 4TH |
|
Boston Red Sox batting - Pitching for Baltimore Orioles : RHP Pete Rance
|
|
Batting: RHB Nick Esteves
|
0-0: Ball 1-0: Ball 2-0: Swinging Strike 2-1: Ground out 3-1 (Groundball, 34S, EV 83.8 MPH)
|
|
Batting: LHB Sakae Kasahara
|
0-0: SOLO HOME RUN (Line Drive, 7D, EV 111.9 MPH), Distance : 435 ft
|
|
Batting: LHB Jarrett Mordecai
|
0-0: Ball 1-0: Ball 2-0: Called Strike 2-1: SINGLE (Groundball, 4MD, EV 101.9 MPH)
|
|
Batting: RHB Jose Diaz
|
0-0: Ball 1-0: Fly out, F8 (Flyball, 8LXD, EV 89.4 MPH)
|
|
Batting: SHB Greg Shaw
|
0-0: Called Strike 0-1: Foul Ball, location: 2F 0-2: Foul Ball, location: 2F 0-2: Ground out 4-3 (Groundball, 4, EV 78.1 MPH)
|
| Bottom of the 4th over - 1 run, 2 hits, 0 errors, 1 left on base; Baltimore 7 - Boston 2 |
| TOP OF THE 5TH |
|
Baltimore Orioles batting - Pitching for Boston Red Sox : RHP J.J. Dean
|
|
Batting: RHB Luke Vaccarino
|
0-0: Called Strike 0-1: Foul Ball, location: 2F 0-2: Ball 1-2: Ground out 4-3 (Groundball, 4, EV 97.5 MPH)
|
|
Batting: RHB Travis Leonard
|
0-0: Ground out 6-3 (Groundball, 6, EV 86.9 MPH)
|
|
Batting: SHB Robbie Rogers
|
0-0: Called Strike 0-1: Ball 1-1: Ball 2-1: Ground out 5-3 (Groundball, 56S, EV 68.8 MPH)
|
| Top of the 5th over - 0 runs, 0 hits, 0 errors, 0 left on base; Baltimore 7 - Boston 2 |
| BOTTOM OF THE 5TH |
|
Boston Red Sox batting - Pitching for Baltimore Orioles : RHP Pete Rance
|
|
Batting: RHB John Chiesa
|
0-0: Called Strike 0-1: Foul Ball, location: 2F 0-2: SINGLE (Line Drive, 9S, EV 107.5 MPH)
|
|
Batting: SHB Willie Koviak
|
0-0: Swinging Strike 0-1: Swinging Strike 0-2: SINGLE (Groundball, 4MD, EV 96.9 MPH) John Chiesa to second Runner from 2nd tries for 3rd, SAFE, throw by CF made to third
|
|
Batting: LHB Tim Fuller
|
0-0: Foul Ball, location: 2F 0-1: Fielders Choice at 2nd, 5-4 (Groundball, 5, EV 80.6 MPH) John Chiesa scores
|
|
Batting: RHB Ray Llewellyn
|
0-0: Swinging Strike 0-1: Swinging Strike 0-2: Foul Ball, location: 2F 0-2: Ball 1-2: Strikes out looking
|
|
Batting: RHB Nick Esteves
|
0-0: Ball Tim Fuller steals 2nd base (no throw) 1-0: DOUBLE (Groundball, 5L, EV 99.4 MPH) Tim Fuller scores
|
|
Batting: LHB Sakae Kasahara
|
0-0: Ball 1-0: Called Strike 1-1: Ball 2-1: Fly out, F6 (Flyball, 56D, EV 90.0 MPH)
|
| Bottom of the 5th over - 2 runs, 3 hits, 0 errors, 1 left on base; Baltimore 7 - Boston 4 |
| TOP OF THE 6TH |
|
Baltimore Orioles batting - Pitching for Boston Red Sox : RHP J.J. Dean
|
|
Batting: RHB Nick Rigden
|
0-0: Called Strike 0-1: Ball 1-1: Swinging Strike 1-2: Strikes out looking
|
|
Batting: RHB Rudo Garciaparra
|
0-0: Called Strike 0-1: Swinging Strike 0-2: Strikes out looking
|
|
Batting: SHB Jason Hayes
|
0-0: Called Strike 0-1: Ball 1-1: Ball 2-1: Ground out 4-3 (Groundball, 4, EV 91.9 MPH)
|
| Top of the 6th over - 0 runs, 0 hits, 0 errors, 0 left on base; Baltimore 7 - Boston 4 |
| BOTTOM OF THE 6TH |
|
Boston Red Sox batting - Pitching for Baltimore Orioles : RHP Pete Rance
|
|
Batting: LHB Jarrett Mordecai
|
0-0: Ball 1-0: Called Strike 1-1: Ball 2-1: Ball 3-1: Base on Balls
|
|
Batting: RHB Jose Diaz
|
0-0: Called Strike 0-1: Swinging Strike 0-2: Strikes out swinging
|
|
Batting: SHB Greg Shaw
|
0-0: Foul Ball, location: 2F 0-1: Ball 1-1: Ball 2-1: Fly out, F5 (Line Drive, 56, EV 62.5 MPH)
|
|
Batting: RHB John Chiesa
|
0-0: Ball 1-0: Ball 2-0: Ball 3-0: Called Strike 3-1: Base on Balls Jarrett Mordecai to second
|
|
Batting: SHB Willie Koviak
|
0-0: Ball 1-0: Called Strike 1-1: Ball 2-1: Ball 3-1: Foul Ball, location: 2F 3-2: Foul Ball, location: 2F 3-2: Strikes out swinging
|
| Bottom of the 6th over - 0 runs, 0 hits, 0 errors, 2 left on base; Baltimore 7 - Boston 4 |
| TOP OF THE 7TH |
|
Baltimore Orioles batting - Pitching for Boston Red Sox : RHP J.J. Dean
|
|
Batting: RHB Vince Jackson
|
0-0: Ball 1-0: Ball 2-0: Called Strike 2-1: SINGLE (Line Drive, 7S, EV 94.4 MPH)
|
|
Batting: LHB Brent Albertson
|
0-0: Ball 1-0: Sac Bunt to P - play at first, batter safe! Vince Jackson to second
|
|
Batting: RHB Raul Mendoza
|
0-0: Ball 1-0: Sac Bunt to 2L - play at first, batter OUT! 2-3 Vince Jackson to third Brent Albertson to second
|
|
Batting: RHB Luke Vaccarino
|
0-0: Ball 1-0: Ground out U3 (Groundball, 34, EV 86.9 MPH) Vince Jackson scores Brent Albertson to third
|
|
Pitching: LHP John Hotham
|
|
|
Batting: RHB Travis Leonard
|
0-0: Called Strike 0-1: Called Strike 0-2: Foul Ball, location: 2F 0-2: Fly out, F9 (Flyball, 89S, EV 81.2 MPH)
|
| Top of the 7th over - 1 run, 2 hits, 0 errors, 1 left on base; Baltimore 8 - Boston 4 |
| BOTTOM OF THE 7TH |
|
Boston Red Sox batting - Pitching for Baltimore Orioles : RHP Pete Rance
|
|
Pitching: RHP Pat Wiggins
|
|
|
Batting: LHB Tim Fuller
|
0-0: Ball 1-0: Ground out 4-3 (Groundball, 34D, EV 98.8 MPH)
|
|
Batting: RHB Ray Llewellyn
|
0-0: Ball 1-0: Fly out, F7 (Flyball, 7D, EV 89.4 MPH)
|
|
Batting: RHB Nick Esteves
|
0-0: Ground out 4-3 (Groundball, 4, EV 88.8 MPH)
|
| Bottom of the 7th over - 0 runs, 0 hits, 0 errors, 0 left on base; Baltimore 8 - Boston 4 |
| TOP OF THE 8TH |
|
Baltimore Orioles batting - Pitching for Boston Red Sox : LHP John Hotham
|
|
Batting: SHB Robbie Rogers
|
0-0: Called Strike 0-1: Called Strike 0-2: Ground out U3 (Groundball, 3S, EV 81.9 MPH)
|
|
Batting: RHB Nick Rigden
|
0-0: Ball 1-0: Ball 2-0: Ball 3-0: Base on Balls
|
|
Batting: RHB Rudo Garciaparra
|
0-0: Ball 1-0: Swinging Strike 1-1: Called Strike 1-2: Grounds into double play, 6-4-3 (Groundball, 6, EV 103.8 MPH)
|
| Top of the 8th over - 0 runs, 0 hits, 0 errors, 0 left on base; Baltimore 8 - Boston 4 |
| BOTTOM OF THE 8TH |
|
Boston Red Sox batting - Pitching for Baltimore Orioles : RHP Pat Wiggins
|
|
Batting: LHB Sakae Kasahara
|
0-0: Foul Ball, location: 2F 0-1: Fly out, F3 (Line Drive, 3L, EV 68.8 MPH)
|
|
Batting: LHB Jarrett Mordecai
|
0-0: Called Strike 0-1: Ball 1-1: Foul Ball, location: 2F 1-2: Foul Ball, location: 2F 1-2: Ball 2-2: Ball 3-2: Foul Ball, location: 2F 3-2: Base on Balls
|
|
Batting: RHB Jose Diaz
|
0-0: Ball 1-0: Grounds into double play, 5-4-3 (Groundball, 56, EV 84.4 MPH)
|
| Bottom of the 8th over - 0 runs, 0 hits, 0 errors, 0 left on base; Baltimore 8 - Boston 4 |
| TOP OF THE 9TH |
|
Baltimore Orioles batting - Pitching for Boston Red Sox : LHP John Hotham
|
|
Pitching: RHP Guadalupe Vasguez
|
|
|
Batting: SHB Jason Hayes
|
0-0: Foul Ball, location: 2F 0-1: Swinging Strike 0-2: Strikes out swinging
|
|
Batting: RHB Vince Jackson
|
0-0: Ball 1-0: Called Strike 1-1: Swinging Strike 1-2: Ball 2-2: Foul Ball, location: 2F 2-2: Strikes out looking
|
|
Batting: LHB Brent Albertson
|
0-0: Called Strike 0-1: Ball 1-1: Fly out, F8 (Line Drive, 8LM, EV 93.8 MPH)
|
| Top of the 9th over - 0 runs, 0 hits, 0 errors, 0 left on base; Baltimore 8 - Boston 4 |
| BOTTOM OF THE 9TH |
|
Boston Red Sox batting - Pitching for Baltimore Orioles : RHP Pat Wiggins
|
|
Pitching: RHP Chris Dauphin
|
|
|
Batting: SHB Greg Shaw
|
0-0: Fly out, F7 (Flyball, 7, EV 88.1 MPH)
|
|
Pinch Hitting: LHB Kevin McCormic Jr.
|
0-0: Called Strike 0-1: Called Strike 0-2: Foul Ball, location: 2F 0-2: Ball 1-2: Foul Ball, location: 2F 1-2: Fly out, F9 (Flyball, 9, EV 88.1 MPH)
|
|
Batting: SHB Willie Koviak
|
0-0: Ball 1-0: Ball 2-0: Foul Ball, location: 2F 2-1: Ball 3-1: Called Strike 3-2: Base on Balls
|
|
Batting: LHB Tim Fuller
|
0-0: Ball 1-0: Ball 2-0: Foul Ball, location: 2F 2-1: Fly out, F7 (Flyball, 78M, EV 91.2 MPH)
|
| Bottom of the 9th over - 0 runs, 0 hits, 0 errors, 1 left on base; Baltimore 8 - Boston 4 |
|